 Dungeon Crawl Stone Soup version 0.18.1-8-gdd0e5ea (webtiles) character file.

173404 bmwyatt the Peltast (level 17, 0/138 HPs)
             Began as a Demonspawn Berserker on May 27, 2016.
             Was an Elder of Trog.
             Slain by an emperor scorpion (3 damage)
             ... on level 4 of the Spider Nest on June 6, 2016.
             The game lasted 02:45:09 (35885 turns).

bmwyatt the Peltast (Demonspawn Berserker)         Turns: 35885, Time: 02:45:09

Health: 0/138      AC: 22    Str: 38    XL:     17   Next: 43%
Magic:  0/17       EV: 15    Int:  3    God:    Trog [****..]
Gold:   2431       SH: 17    Dex: 13    Spells: 0 memorised, 16 levels left

rFire  + + .     SeeInvis +     k - +1 broad axe of the Boiling Point {pain, *Corrode rElec rF+ Str+2}
rCold  + . .     Gourm    +     V - +1 ring mail of the Oligarchy {rF+ Str+3}
rNeg   . . .     Faith    .     F - +1 shield
rPois  .         Spirit   .     i - +2 helmet of Fashionability {rElec Str+4}
rElec  +         Dismiss  .     a - +2 cloak
rCorr  .         Reflect  .     d - +2 pair of gloves of the Armadillo {+Fly MR++ Str+4 Int-5}
SustAt +         Harm     .     (boots unavailable)
MR     ++++.                    B - amulet of the gourmand
Stlth  +.........               Q - ring of see invisible
                                S - ring of sustain attributes

@: exhausted, very slightly contaminated, hasted and slowed, incredibly
resistant to hostile enchantments, very unstealthy
A: hooves 3, molten scales 2, cold resistance 1, magic resistance 1, mutation
resistance 1, spiny 3
a: Berserk, Trog's Hand, Brothers in Arms, Burn Spellbooks, Renounce Religion,
Evoke Flight


You were on level 4 of the Spider Nest.
You worshipped Trog.
Trog was greatly pleased with you.
You were not hungry.

You visited 4 branches of the dungeon, and saw 29 of its levels.
You also visited: Labyrinth and Ice Cave.

You collected 3073 gold pieces.
You spent 642 gold pieces at shops.

Inventory:

Hand Weapons
 k - the +1 broad axe of the Boiling Point (weapon) {pain, *Corrode rElec rF+ Str+2}
   (You acquired it on level 2 of the Lair of Beasts)

   In the hands of one skilled in necromantic magic, it inflicts extra damage on
   living creatures.
   It affects your strength (+2).
   It protects you from fire.
   It insulates you from electricity.
   It may corrode you when you take damage.
 G - a +4 hand crossbow of flaming
 R - a +2 war axe of distortion
Armour
 a - a +2 cloak (worn)
 d - the +2 pair of gloves of the Armadillo (worn) {+Fly MR++ Str+4 Int-5}
   (You acquired it on level 8 of the Dungeon)

   It affects your strength (+4).
   It affects your intelligence (-5).
   It affects your resistance to hostile enchantments.
   It lets you fly.
 i - the +2 helmet of Fashionability (worn) {rElec Str+4}
   (You bought it in a shop on level 2 of the Orcish Mines)

   It affects your strength (+4).
   It insulates you from electricity.
 v - the +0 cloak of the Beggar {rC+}
   (You found it on level 14 of the Dungeon)

   It protects you from cold.
 w - a +0 plate armour
 F - a +1 shield (worn)
 V - the +1 ring mail of the Oligarchy (worn) {rF+ Str+3}
   (You found it on level 4 of the Spider Nest)

   It affects your strength (+3).
   It protects you from fire.
Jewellery
 B - an amulet of the gourmand (around neck)
 J - an uncursed ring of flight
 Q - a ring of see invisible (right hand)
 S - a ring of sustain attributes (left hand)
Wands
 b - a wand of confusion (29/48)
 y - a wand of teleportation (5/9)
Scrolls
 j - 10 scrolls of teleportation
 l - 5 scrolls of recharging
 m - a scroll of fear
 q - 13 scrolls of remove curse
 s - 2 scrolls of fog
 z - 4 scrolls of magic mapping
 H - 10 scrolls of immolation
 L - 2 scrolls of enchant weapon
 N - 4 scrolls of identify
 T - a scroll of silence
 U - 2 scrolls of noise
 X - a scroll of vulnerability
Potions
 e - a potion of invisibility
 h - 5 potions of brilliance
 n - 3 potions of agility
 p - 4 potions of flight
 r - 6 potions of curing
 A - 9 potions of lignification
 C - a potion of ambrosia
 D - a potion of magic
 I - 4 potions of resistance
 O - 2 potions of haste
 P - a potion of might
 Z - a potion of berserk rage
Comestibles
 c - 18 bread rations
 f - 11 slices of pizza
 g - 13 meat rations
 o - 4 royal jellies
 t - 29 fruits
 M - 8 beef jerkies


   Skills:
 + Level 13.9 Fighting
 + Level 15.7 Axes
 + Level 0.5 Throwing
 + Level 11.7 Armour
 + Level 9.3 Dodging
 + Level 3.0 Stealth
 * Level 17.0 Shields
 + Level 0.8 Evocations


You had 16 spell levels left.
You didn't know any spells.

Dungeon Overview and Level Annotations

Branches:
Dungeon (15/15)            Temple (0/1) D:5            Lair (8/8) D:11
 Shoals (0/4) Lair:3       Spider (4/4) Lair:4        Slime (0/6) Lair:8
    Orc (2/2) D:9             Elf (0/3) Orc:2        Vaults (0/5) D:14
 Depths (0/5) D:15

Altars:
Ashenzari
Fedhas
Makhleb
Okawaru
Vehumet
Xom
Jiyva

Shops:
D:13 %   Orc:2 *[}[

Portals:
Hell: Lair:8

Annotations:
D:10 Stratum's ghost, novice VSGl
D:14 Norris
Abyss:1 Grum; Maud


Innate Abilities, Weirdness & Mutations

You have hooves in place of feet.
You are mostly covered in molten scales (AC +3, EV -1).
Your flesh is cold resistant.
You are completely covered in sharp spines.
You are resistant to hostile enchantments.
You are somewhat resistant to further mutation.


Message History

You block the emperor scorpion's attack. x3
The emperor scorpion misses you.
The emperor scorpion closely misses you.
The emperor scorpion claws you but does no damage.
The ghost moth stares at you.
* * * LOW HITPOINT WARNING * * *
You feel very sick.
Your ogre barely misses the emperor scorpion.
The ghost moth stares at you.
The emperor scorpion is struck by your spines.
The emperor scorpion stings you!
* * * LOW HITPOINT WARNING * * *
The emperor scorpion claws you but does no damage. x2
Drink which item? (? for menu, Esc to quit)
You feel better.
Your ogre hits the emperor scorpion with a giant spiked club!!!
The emperor scorpion stings you!
* * * LOW HITPOINT WARNING * * *
The emperor scorpion claws you.
You die...

............^##...## ..
.........^...###^^#
.^...........# #..#
.#..........## #†.#
.#..........# ##†.#
....).......###...#.≈φ≈.##.%#
.............##...#!≈≈≈.#^≈≈
..........^.^###..##.≈≈....#
.............###@O.#......^
....†.........##ss.# .....#
..[.†...<....###y..# .ss.#
.............# #ss.## #y.≈#
............## #....# #†≈#
.......(....## #.≈.†###†##
...^.^.......# #....†.†.#
.............# ##...≈...#
###..........# ##.^.≈.##


You could see 2 emperor scorpions, a ghost moth (invisible), 2 orb spiders and a
friendly ogre (berserk).

Vanquished Creatures
  Nikola (Spider:1)
  Arachne (Spider:3)
  Rupert (D:14)
  A ghost moth (Spider:4)
  The ghost of jasper the Impaler, a journeyman MfBe of Trog (Orc:2)
  Louise (Spider:1)
  6 emperor scorpions
  A dire elephant (Lair:8)
  A spark wasp (Spider:3)
  Harold (Lair:4)
  A minotaur (Lab)
  Erolcha (D:9)
  13 hydras
  The ghost of ashvdoggzone the Thrower, a novice TrHu of Cheibriados (D:9)
  2 centaur warriors
  A rakshasa (D:15)
  An ogre mage (D:15)
  A catoblepas (Lair:7)
  Sonja (Lair:2)
  Urug (Lair:3)
  6 orc high priests (Orc:2)
  Nergalle (Lair:4)
  A fire crab (Lair:8)
  A swamp dragon (shapeshifter) (D:15)
  2 unseen horrors
  3 hill giants
  A lindwurm (Lair:4)
  An orc knight (D:15)
  A wizard (Lair:8)
  3 hornets (Spider:4)
  An oklob plant (Lair:7)
  9 orb spiders
  15 ugly things
  42 wolf spiders
  4 griffons
  A manticore (Lair:3)
  An orc sorcerer (Orc:2)
  3 cyclopes
  Joseph (D:8)
  2 ice statues (IceCv)
  6 black mambas
  2 torpor snails
  11 spiny frogs
  A kobold demonologist (D:15)
  A rime drake (shapeshifter) (D:15)
  4 rime drakes
  8 demonic crawlers
  2 komodo dragons
  4 yaktaurs (D:15)
  39 jumping spiders
  A wind drake (shapeshifter) (D:15)
  Grinder (D:4)
  2 boulder beetles
  A polar bear (Lair:4)
  9 slime creatures (D:15)
  15 blink frogs
  5 trolls
  11 two-headed ogres
  A spriggan (D:9)
  71 redbacks
  2 vampires
  25 tarantellas
  A wraith (D:15)
  4 wyverns
  A tarantella (shapeshifter) (D:13)
  The ghost of tition the Chopper, an amateur HOFi (D:4)
  A hippogriff (shapeshifter) (D:15)
  33 yaks
  6 basilisks
  13 humans (D:14)
  6 vampire mosquitoes
  A steam dragon (Lair:5)
  15 wargs
  15 hippogriffs
  7 soldier ants
  6 swamp worms (Lair:3)
  13 water moccasins
  20 porcupines
  7 ice beasts
  28 orc warriors
  2 black bears
  4 sky beasts
  A wasp (D:9)
  12 ogres
  A phantom (D:12)
  14 wolves
  3 boggarts (D:15)
  23 crocodiles
  33 centaurs
  2 big kobolds (D:8)
  25 giant frogs
  6 scorpions
  7 killer bees
  A water moccasin skeleton (D:6)
  9 wights
  2 electric eels
  2 howler monkeys
  8 crimson imps
  3 centaur zombies
  2 giant frog skeletons
  5 jellies
  31 orc wizards
  30 orc priests
  6 centaur skeletons
  2 hounds
  13 iguanas
  Natasha (twice) (D:3)
  25 worker ants
  33 sheep
  A worker ant zombie (D:6)
  18 adders
  5 gnolls
  71 river rats
  3 shadow imps
  12 white imps (Lair:8)
  An ooze (D:3)
  An adder skeleton (D:9)
  15 worms
  5 giant geckos
  119 orcs
  5 bats
  5 giant cockroaches
  14 goblins
  12 hobgoblins
  11 jackals
  4 quokkas
  2 ball pythons
  A giant gecko skeleton (D:5)
  4 giant newts
  21 kobolds
  2 quokka skeletons
  7 rats
  2 bushes (D:14)
  9 fungi
  5 plants
1199 creatures vanquished.

Vanquished Creatures (collateral kills)
  A ghost moth (Spider:4)
  2 emperor scorpions (Spider:4)
  A hell beast (Lair:8)
  A wolf spider (Spider:4)
  2 orb spiders (Spider:4)
  6 orange demons (Lair:8)
  2 ice devils (Lair:8)
  2 red devils (Lair:8)
  A hellwing (Lair:8)
  3 jumping spiders (Spider:4)
  A tarantella (Spider:4)
  5 redbacks (Spider:4)
  3 ice beasts (IceCv)
30 creatures vanquished.

Vanquished Creatures (others)
  An orc warlord (D:13)
  A centaur warrior (D:15)
  A tengu warrior (D:15)
  2 orc knights
  A wolf spider zombie (D:15)
  A manticore (D:15)
  4 ugly things
  4 cyclopes
  An efreet (D:13)
  A troll (Orc:2)
  A queen bee (shapeshifter) (D:15)
  2 two-headed ogres
  A wolf spider simulacrum (D:15)
  A redback (Spider:4)
  A water elemental (D:12)
  A yak (D:12)
  3 humans (D:14)
  2 vampire mosquitoes
  2 wargs (D:13)
  A soldier ant (Lair:2)
  10 orc warriors
  3 ogres
  2 centaurs
  A crocodile (D:11)
  A giant frog (D:10)
  A crimson imp (D:8)
  A hound (D:6)
  2 orc priests (Orc:2)
  3 orc wizards
  3 worker ants (Lair:2)
  An adder (D:6)
  A river rat (D:11)
  A shadow imp (D:11)
  4 orcs
  A giant cockroach (D:6)
  A giant gecko zombie (D:6)
  14 bushes (D:14)
  3 fungi
  5 plants
90 creatures vanquished.

Grand Total: 1319 creatures vanquished

Notes
Turn   | Place    | Note
--------------------------------------------------------------
     0 | D:1      | bmwyatt the Demonspawn Berserker began the quest for the Orb.
     0 | D:1      | Reached XP level 1. HP: 18/18 MP: 1/1
   319 | D:1      | Gained mutation: Your flesh is cold resistant. [demonic ancestry]
   319 | D:1      | Reached XP level 2. HP: 15/24 MP: 2/2
   900 | D:1      | Reached XP level 3. HP: 23/29 MP: 3/3
  1005 | D:1      | Reached ** piety under Trog
  2694 | D:3      | Reached XP level 4. HP: 32/35 MP: 4/4
  2730 | D:3      | Found an iron altar of Okawaru.
  3087 | D:3      | Noticed Natasha
  3091 | D:3      | Gained mutation: You are partially covered in molten scales (AC +1). [demonic ancestry]
  3091 | D:3      | Reached XP level 5. HP: 34/41 MP: 5/5
  3100 | D:3      | Killed Natasha
  3543 | D:3      | Reached *** piety under Trog
  3761 | D:3      | Noticed Natasha
  3767 | D:3      | Killed Natasha
  3767 | D:3      | Reached XP level 6. HP: 39/48 MP: 6/6
  4322 | D:4      | Noticed tition's ghost (amateur HOFi)
  4339 | D:4      | Killed tition's ghost
  4554 | D:4      | Found a radiant altar of Vehumet.
  4757 | D:4      | Reached XP level 7. HP: 54/54 MP: 7/7
  4803 | D:4      | Noticed Grinder
  4805 | D:4      | Paralysed by Grinder for 6 turns
  4828 | D:4      | Killed Grinder
  4828 | D:4      | Reached skill level 5 in Armour
  5203 | D:5      | Entered Level 5 of the Dungeon
  5279 | D:5      | Found a staircase to the Ecumenical Temple.
  5480 | D:5      | Gained mutation: You have large cloven feet. [demonic ancestry]
  5480 | D:5      | Reached XP level 8. HP: 57/61 MP: 8/8
  5806 | D:6      | Reached **** piety under Trog
  5845 | D:6      | Reached skill level 5 in Axes
  5920 | D:6      | Reached skill level 1 in Shields
  5935 | D:6      | Reached skill level 5 in Fighting
  5935 | D:6      | Reached skill level 5 in Dodging
  5958 | D:6      | Found a shimmering altar of Xom.
  6084 | D:6      | Reached skill level 1 in Stealth
  6304 | D:7      | Reached skill level 2 in Shields
  6390 | D:7      | Reached XP level 9. HP: 54/68 MP: 9/9
  6643 | D:7      | Received a gift from Trog
  6983 | D:8      | Reached skill level 3 in Shields
  7648 | D:8      | Found a blossoming altar of Fedhas.
  7651 | D:8      | Noticed Joseph
  7664 | D:8      | Received a gift from Trog
  7668 | D:8      | Killed Joseph
  7668 | D:8      | Reached skill level 4 in Shields
  7706 | D:8      | Identified a scroll of acquirement
  7709 | D:8      | Got a pair of slimy gloves
  7711 | D:8      | Identified the +2 pair of gloves of the Armadillo {+Fly MR++ Str+4 Int-5} (You acquired it on level 8 of the Dungeon)
  7924 | D:8      | Noticed Grum
  7929 | D:8      | Banished Grum
  7929 | D:8      | Gained mutation: You have hoof-like feet. [demonic ancestry]
  7929 | D:8      | Reached XP level 10. HP: 59/77 MP: 10/10
  8171 | D:9      | Noticed ashvdoggzone's ghost (novice TrHu)
  8234 | D:9      | Killed ashvdoggzone's ghost
  8295 | D:9      | Noticed Erolcha
  8314 | D:9      | Killed Erolcha
  8318 | D:9      | Reached skill level 5 in Shields
  8378 | D:9      | Found a staircase to the Orcish Mines.
  9576 | D:10     | Entered Level 10 of the Dungeon
  9578 | D:10     | Noticed Stratum's ghost (novice VSGl)
  9693 | D:10     | Gained mutation: Armour fits poorly on your strangely shaped body. [mutagenic meat]
  9694 | D:10     | Gained mutation: Scrolls take you a little longer to read. [mutagenic meat]
  9695 | D:10     | Gained mutation: You are robust (+10% HP). [mutagenic meat]
  9697 | D:10     | Gained mutation: Scrolls take you longer to read. [potion of mutation]
  9697 | D:10     | Gained mutation: You have a pair of small horns on your head. [potion of mutation]
  9737 | D:10     | Lost mutation: Armour fits poorly on your strangely shaped body. [potion of cure mutation]
  9737 | D:10     | Lost mutation: You are robust (+10% HP). [potion of cure mutation]
  9737 | D:10     | Lost mutation: Scrolls take you longer to read. [potion of cure mutation]
 10569 | D:11     | Gained mutation: You have hooves in place of feet. [demonic ancestry]
 10569 | D:11     | Reached XP level 11. HP: 85/85 MP: 11/11
 10570 | D:11     | Noticed a green ugly thing
 10578 | D:11     | Noticed Maud
 10578 | D:11     | Killed a green ugly thing
 11063 | D:11     | Found a staircase to the Lair.
 11278 | D:11     | Banished Maud
 11344 | D:11     | Noticed a hill giant
 11429 | D:11     | Killed a hill giant
 11673 | D:11     | Reached skill level 6 in Shields
 12623 | D:12     | Noticed a six-headed hydra
 12636 | D:12     | Killed an 11-headed hydra
 12640 | D:12     | Reached skill level 7 in Shields
 12640 | D:12     | Reached XP level 12. HP: 69/95 MP: 12/12
 12918 | D:12     | Reached skill level 10 in Axes
 13093 | D:12     | Reached ***** piety under Trog
 13550 | D:13     | Gained mutation: You are agile. (Dex +2) [mutagenic meat]
 13551 | D:13     | Gained mutation: Your flesh is heat resistant. [mutagenic meat]
 13552 | D:13     | Gained mutation: You are resistant to hostile enchantments. [mutagenic meat]
 13575 | D:13     | Found Wufadil's Food Shoppe.
 13587 | D:13     | Bought a beef jerky for 21 gold pieces
 13587 | D:13     | Bought a beef jerky for 21 gold pieces
 13587 | D:13     | Bought a beef jerky for 21 gold pieces
 13986 | D:13     | Noticed a five-headed hydra
 14001 | D:13     | Killed a ten-headed hydra
 14001 | D:13     | Reached skill level 10 in Fighting
 14048 | D:13     | Got a scintillating bronze amulet
 14096 | D:13     | Got a dazzling leather armour
 14116 | D:13     | Identified the +3 leather armour "Aqotza" {Int+6} (You took it off an orc on level 13 of the Dungeon)
 14120 | D:13     | Identified the amulet "Efemut" {Inacc rF+ Int+6} (You found it on level 13 of the Dungeon)
 14133 | D:13     | Noticed a centaur warrior
 14161 | D:13     | Killed a centaur warrior
 14161 | D:13     | Reached skill level 8 in Shields
 14449 | D:13     | Noticed an orc warlord
 14459 | D:13     | Banished an orc warlord
 14757 | D:14     | Found a gate to the Vaults.
 14757 | D:14     | Noticed Norris
 14757 | D:14     | Noticed Rupert
 14757 | D:14     | Noticed a centaur warrior
 14769 | D:14     | Received a gift from Trog
 14769 | D:14     | Gained mutation: You are partially covered in sharp spines. [demonic ancestry]
 14769 | D:14     | Reached XP level 13. HP: 104/104 MP: 13/13
 15134 | D:14     | Killed Rupert
 15543 | D:14     | Got an ancient cloak
 15546 | D:14     | Identified the +0 cloak of the Beggar {rC+} (You found it on level 14 of the Dungeon)
 15749 | D:14     | Noticed a white very ugly thing
 15752 | D:14     | Banished a white very ugly thing
 15830 | D:14     | Gained mutation: You are somewhat resistant to further mutation. [mutagenic meat]
 16128 | D:15     | Entered Level 15 of the Dungeon
 16344 | D:15     | Reached skill level 9 in Shields
 16371 | D:15     | Lost mutation: You have a pair of small horns on your head. [mutagenic meat]
 16447 | D:15     | Found a shattered altar of Ashenzari.
 16493 | D:15     | Gained mutation: Scrolls take you longer to read. [mutagenic meat]
 17166 | D:15     | Gained mutation: You are mostly covered in molten scales (AC +3, EV -1). [demonic ancestry]
 17166 | D:15     | Reached XP level 14. HP: 111/114 MP: 14/14
 17687 | D:15     | Received a gift from Trog
 17717 | D:15     | Found a staircase to the Depths.
 17876 | D:15     | Gained mutation: You can translocate small distances at will. [mutagenic meat]
 18099 | D:15     | Found a burning altar of Makhleb.
 18099 | D:15     | Noticed a cacodemon
 18373 | Orc:1    | Entered Level 1 of the Orcish Mines
 18904 | Orc:2    | Entered Level 2 of the Orcish Mines
 18976 | Orc:2    | Found a staircase to the Elven Halls.
 19040 | Orc:2    | Noticed jasper's ghost (journeyman MfBe)
 19143 | Orc:2    | Killed jasper's ghost
 19143 | Orc:2    | Reached skill level 10 in Armour
 19454 | Orc:2    | Reached skill level 10 in Shields
 19491 | Orc:2    | Received a gift from Trog
 19859 | Orc:2    | Found Umpeidit's Armour Shoppe.
 19859 | Orc:2    | Found Hush's Armour Emporium.
 19865 | Orc:2    | Found Mili's Gadget Shoppe.
 19865 | Orc:2    | Found Highoymp's General Store.
 19917 | Orc:2    | Bought the +2 helmet of Fashionability {rElec Str+4} for 516 gold pieces
 19917 | Orc:2    | Bought a +0 large shield for 63 gold pieces
 20504 | Lair:1   | Entered Level 1 of the Lair of Beasts
 20787 | Lair:1   | Gained mutation: You are dopey. (Int -2) [potion of mutation]
 21316 | Lair:1   | Received a gift from Trog
 21660 | Lair:2   | Found a labyrinth entrance.
 21684 | Lab      | Entered a labyrinth
 23174 | Lair:2   | Noticed Sonja
 23187 | Lair:2   | Killed Sonja
 23509 | Lair:2   | Received a gift from Trog
 24066 | Lair:2   | Got a faintly glowing broad axe
 24069 | Lair:2   | Identified the +1 broad axe of the Boiling Point {pain, *Corrode rElec rF+ Str+2} (You acquired it on level 2 of the Lair of Beasts)
 24233 | Lair:3   | Reached XP level 15. HP: 114/122 MP: 15/15
 24290 | Lair:3   | Noticed Urug
 24311 | Lair:3   | Killed Urug
 24387 | Lair:3   | Found a staircase to the Shoals.
 24397 | Lair:3   | Reached skill level 11 in Shields
 24400 | Lair:3   | Received a gift from Trog
 25409 | Lair:3   | Got a crystal scimitar
 25413 | Lair:3   | Identified the +2 scimitar of Wondrous Power {slice, MP+9} (You found it on level 3 of the Lair of Beasts)
 25568 | Lair:4   | Noticed Harold
 25574 | Lair:4   | Noticed Nergalle
 25586 | Lair:4   | Killed Nergalle
 25597 | Lair:4   | Killed Harold
 25759 | Lair:4   | Found a hole to the Spider Nest.
 26545 | Lair:5   | Received a gift from Trog
 27994 | Lair:7   | Found a shimmering altar of Xom.
 28390 | Lair:7   | Received a gift from Trog
 28743 | Lair:8   | Entered Level 8 of the Lair of Beasts
 28751 | Lair:8   | Reached skill level 12 in Shields
 28845 | Lair:8   | Found a frozen archway.
 28875 | IceCv    | Entered an ice cave
 29887 | Lair:8   | Found a burning altar of Makhleb.
 29904 | Lair:8   | Received a gift from Trog
 29917 | Lair:8   | Found a gateway to Hell.
 30155 | Lair:8   | Found a viscous altar of Jiyva.
 30156 | Lair:8   | Found a staircase to the Slime Pits.
 30364 | Spider:1 | Entered Level 1 of the Spider Nest
 30385 | Spider:1 | Gained mutation: You are mostly covered in sharp spines. [demonic ancestry]
 30385 | Spider:1 | Reached XP level 16. HP: 110/130 MP: 16/16
 30599 | Spider:1 | Noticed Louise
 30625 | Spider:1 | Killed Louise
 30625 | Spider:1 | Reached skill level 13 in Shields
 30828 | Spider:1 | Noticed Nikola
 30843 | Spider:1 | Killed Nikola
 32051 | Spider:1 | Reached skill level 14 in Shields
 32456 | Spider:2 | Reached skill level 15 in Axes
 33513 | Spider:2 | Received a gift from Trog
 34081 | Spider:3 | Reached skill level 15 in Shields
 34489 | Spider:3 | Received a gift from Trog
 34792 | Spider:3 | Gained mutation: You are completely covered in sharp spines. [demonic ancestry]
 34792 | Spider:3 | Reached XP level 17. HP: 104/138 MP: 17/17
 34839 | Spider:3 | Noticed Arachne
 34851 | Spider:3 | Killed Arachne
 34851 | Spider:3 | Reached skill level 16 in Shields
 35239 | Spider:4 | Entered Level 4 of the Spider Nest
 35524 | Spider:4 | Got a bloodstained ring mail
 35527 | Spider:4 | Identified the cursed +1 ring mail of the Oligarchy {rF+ Str+3} (You found it on level 4 of the Spider Nest)
 35548 | Spider:4 | Lost mutation: You are agile. (Dex +2) [potion of mutation]
 35549 | Spider:4 | Gained mutation: You are frail (-10% HP). [potion of mutation]
 35550 | Spider:4 | Lost mutation: You can translocate small distances at will. [potion of cure mutation]
 35550 | Spider:4 | Lost mutation: Scrolls take you longer to read. [potion of cure mutation]
 35550 | Spider:4 | Lost mutation: Your flesh is heat resistant. [potion of cure mutation]
 35550 | Spider:4 | Lost mutation: You are frail (-10% HP). [potion of cure mutation]
 35550 | Spider:4 | Lost mutation: Scrolls take you a little longer to read. [potion of cure mutation]
 35550 | Spider:4 | Lost mutation: You are dopey. (Int -2) [potion of cure mutation]
 35584 | Spider:4 | Received a gift from Trog
 35831 | Spider:4 | Reached skill level 17 in Shields
 35884 | Spider:4 | HP: 3/138 [emperor scorpion (12)]
 35885 | Spider:4 | Slain by an emperor scorpion

Skill      XL: |  1  2  3  4  5  6  7  8  9 10 11 12 13 14 15 16 17 |
---------------+----------------------------------------------------+-----
Armour         | 2 3 4 5 6 7 8 9 10 11 | 11.7
Dodging        | 2 3 4 5 6 7 8 9 |  9.3
Axes           | 3 4 5 6 8 9 11 12 13 14 15 | 15.7
Fighting       | 4 5 6 7 9 10 11 12 13 | 13.9
Shields        | 2 4 5 7 8 9 10 12 15 17 | 17.0
Stealth        | 1 2 3 |  3.0
Throwing       | |  0.5
Evocations     | |  0.8

Action                   |  1- 3 |  4- 6 |  7- 9 | 10-12 | 13-15 | 16-18 || total
-------------------------+-------+-------+-------+-------+-------+-------++-------
Melee: Hand axe          |   149 |   130 |   358 |       |       |       ||   637
       War axe           |       |       |     6 |   637 |   916 |       ||  1559
       Headbutt          |       |       |       |    94 |    49 |       ||   143
       Kick              |       |       |       |   142 |   727 |   322 ||  1191
       Broad axe         |       |       |       |       |   705 |   704 ||  1409
Throw: Javelin           |       |       |       |       |     4 |       ||     4
Invok: Berserk           |     4 |     4 |     7 |    13 |    29 |    11 ||    68
       Trog's Hand       |       |     3 |     7 |    16 |    40 |    25 ||    91
       Burn Spellbooks   |       |       |     1 |       |     2 |     1 ||     4
       Brothers in Arms  |       |       |     1 |       |     3 |     5 ||     9
 Abil: Evoke Flight      |       |       |       |     1 |       |       ||     1
       Blink             |       |       |       |       |     3 |       ||     3
  Use: Scroll            |       |       |     3 |    19 |    16 |     8 ||    46
       Potion            |       |       |       |    11 |    10 |    18 ||    39
 Stab: Distracted        |       |       |       |       |     1 |       ||     1
  Eat: Chunk             |    10 |     8 |    16 |    47 |    99 |    29 ||   209
       Fruit             |       |     2 |       |     1 |       |       ||     3
       Royal jelly       |       |       |     2 |       |       |       ||     2
       Pizza             |       |       |       |     7 |       |       ||     7
Armor: Ring mail         |    44 |    53 |    64 |   183 |       |    62 ||   406
       Chain mail        |       |       |   118 |    28 |       |       ||   146
       Plate armour      |       |       |       |    21 |   695 |   358 ||  1074
Dodge: Dodged            |    90 |    77 |   138 |   285 |   516 |   353 ||  1459
Block: Shield            |       |       |   129 |   356 |  1097 |   768 ||  2350
